[Event "Titled Tuesday Blitz May 2 Late 2023"]
[White "Georg, Heinz"]
[Black "Yeritsyan, Hayk"]
[WhiteFideId "4607295"]
[BlackFideId "13307320"]
[WhiteElo "2147"]
[BlackElo "2241"]
[Result "0-1"]
[Round "02"]
[TimeControl "180+2"]
[Date "2023.05.02"]
[WhiteClock "0:00:11"]
[BlackClock "0:00:32"]

1. b4 d5 2. Bb2 Nf6 3. e3 Bf5 4. c4 e6 5. Nf3 c6 6. a3 h6 7. d3 Be7 8. Nbd2 O-O 9. Be2 Bh7 10. O-O Nbd7 11. Rc1 Rc8 12. Qb3 Re8 13. d4 Bd6 14. c5 Bb8 15. b5 e5 16. Nxe5 Nxe5 17. dxe5 Bxe5 18. Nf3 Bxb2 19. Qxb2 Qe7 20. bxc6 bxc6 21. Nd4 Qc7 22. Qb3 Ne4 23. Qa4 Kh8 24. Bd3 Bg6 25. Bxe4 Bxe4 26. Rc3 Qe5 27. Rb3 Qg5 28. f3 Bg6 29. Re1 Qh4 30. Re2 Re7 31. Qa6 Rec7 32. Rb7 Bd3 33. Qxd3 Rxb7 34. g3 Qf6 35. Kg2 g6 36. Qa6 Rbc7 37. Rb2 Qe7 38. Kf2 Qxc5 39. Rc2 Qb6 40. Qd3 Kg7 41. Qc3 Kg8 42. Qd3 c5 43. Ne2 d4 44. exd4 cxd4 45. Rxc7 Rxc7 46. Qxd4 Qxd4+ 47. Nxd4 Rc3 48. Nb5 Rc2+ 49. Ke3 a6 50. Nd4 Rc3+ 51. Ke4 Rxa3 52. h4 h5 53. g4 hxg4 54. fxg4 a5 55. h5 gxh5 56. gxh5 a4 57. Kf5 Ra1 58. Nc6 a3 59. Kg5 a2 60. Kh6 Re1 61. Ne7+ Rxe7 0-1


[Site "https://www.chess.com"]

[Event "Titled Tuesday Blitz May 2 Late 2023"]
[White "Shapiro, Viktor"]
[Black "Fernandez Madrid, Carlos"]
[WhiteFideId "4175700"]
[BlackFideId "2206030"]
[WhiteElo "2152"]
[BlackElo "2082"]
[Result "1-0"]
[Round "02"]
[TimeControl "180+2"]
[Date "2023.05.02"]
[WhiteClock "0:01:33"]
[BlackClock "0:01:23"]

1. c4 g6 2. Nc3 Bg7 3. Nf3 b6 4. d4 Bb7 5. Bg5 Nf6 6. e3 O-O 7. Bd3 d5 8. Bxf6 Bxf6 9. cxd5 Bxd5 10. Nxd5 Qxd5 11. O-O Nd7 12. Rc1 c5 13. Bc4 Qd6 14. Qa4 cxd4 15. Rfd1 Nc5 16. Qa3 d3 17. b4 Ne4 18. Rxd3 Qb8 19. Bd5 Nd6 20. e4 Nb5 21. Qb3 e6 22. Bxa8 Qxa8 23. a4 Nc3 24. Rcxc3 Bxc3 25. Qxc3 Qxe4 26. h4 a5 27. bxa5 bxa5 28. Rd4 Qb1+ 29. Kh2 Qb8+ 30. g3 Qa8 31. Rf4 Rc8 32. Qf6 Qb7 33. h5 Rc2 34. h6 Rxf2+ 35. Kg1 Qb1+ 36. Kxf2 Qa2+ 37. Kg1 Qb1+ 38. Kh2 Qc2+ 39. Kh3 Qc3 40. Nd4 Qxd4 41. Rxd4 1-0


[Site "https://www.chess.com"]

[Event "Titled Tuesday Blitz May 2 Late 2023"]
[White "Chakravarthi Reddy, M"]
[Black "Marczuk, Dominik"]
[WhiteFideId "25009532"]
[BlackFideId "1111264"]
[WhiteElo "2201"]
[BlackElo "2174"]
[Result "0-1"]
[Round "02"]
[TimeControl "180+2"]
[Date "2023.05.02"]
[WhiteClock "0:00:19"]
[BlackClock "0:00:10"]

1. e4 c5 2. Nf3 Nc6 3. Bb5 g6 4. O-O Bg7 5. c3 Nf6 6. Re1 O-O 7. e5 Nd5 8. Bxc6 bxc6 9. d4 cxd4 10. cxd4 d6 11. Qe2 Qb6 12. Nc3 Ba6 13. Qe4 Nb4 14. Rd1 d5 15. Qb1 Bb7 16. a3 Na6 17. b4 Bc8 18. h3 Bf5 19. Qa2 f6 20. Bf4 Nc7 21. Na4 Qb5 22. Nc5 g5 23. Bg3 Ne6 24. Rac1 a5 25. Re1 Nxc5 26. Rxc5 Qb6 27. Qd2 axb4 28. axb4 Ra4 29. exf6 exf6 30. Bd6 Rd8 31. Be7 Re8 32. Rc2 Qb7 33. Bc5 Rxe1+ 34. Nxe1 Bxc2 35. Nxc2 Ra2 36. Qc3 Bf8 37. Ne3 Bxc5 38. Qxc5 Qc7 39. g3 Qd7 40. Ng4 Ra1+ 41. Kg2 Kg7 42. h4 h6 43. Ne3 Ra8 44. hxg5 hxg5 45. g4 Re8 46. Nf5+ Kg6 47. Nd6 Re6 48. Nf5 Re4 49. Qf8 Rxg4+ 50. Ng3 Rxg3+ 51. fxg3 Kf5 52. Qc5 Ke6 53. Qc2 Qd6 54. Qe2+ Kd7 55. Qd2 Qe6 56. Qc3 Qe4+ 57. Kf2 f5 58. b5 cxb5 59. Qc5 Qe6 60. Qxb5+ Qc6 61. Qb3 Qc4 62. Qe3 Qc2+ 63. Kg1 Qb1+ 64. Kh2 Qc2+ 65. Kh3 g4+ 66. Kh4 Qe4 67. Qf2 Kc6 68. Kg5 Kb5 69. Qxf5 Qxf5+ 70. Kxf5 Kb4 71. Ke5 Kc4 72. Kf4 Kxd4 73. Kxg4 Ke4 74. Kh5 d4 75. g4 d3 76. g5 d2 77. g6 d1=Q+ 78. Kh6 Qd8 79. g7 Qg8 80. Kg6 Ke5 81. Kh6 Ke6 82. Kg6 Ke7 83. Kh6 Kf7 84. Kh5 Qxg7 0-1


[Site "https://www.chess.com"]

[Event "Titled Tuesday Blitz May 2 Late 2023"]
[White "Gurevich, Dmitry"]
[Black "Ferriz Barrios, Andres"]
[WhiteFideId "2000407"]
[BlackFideId "5104467"]
[WhiteElo "2506"]
[BlackElo "2102"]
[Result "1-0"]
[Round "02"]
[TimeControl "180+2"]
[Date "2023.05.02"]
[WhiteClock "0:00:06"]
[BlackClock "0:01:11"]

1. d4 d5 2. c4 Nf6 3. cxd5 Qxd5 4. Nc3 Qa5 5. Nf3 e6 6. e3 Nbd7 7. Bd2 c6 8. Be2 Qd8 9. O-O Bd6 10. Ng5 h6 11. Nge4 Be7 12. Rc1 O-O 13. Bf3 Re8 14. Qb3 Qb6 15. Qc2 Qc7 16. Rfd1 a6 17. Be1 Nd5 18. Ng3 Nxc3 19. Bxc3 Nf6 20. Be1 Qd7 21. b4 Nd5 22. a3 a5 23. Qb3 axb4 24. axb4 b5 25. Ne4 Bb7 26. Nc5 Bxc5 27. Rxc5 Ra6 28. e4 Nf6 29. Bc3 Rea8 30. d5 Ra3 31. Qb2 Ra2 32. Qb1 exd5 33. Bxf6 gxf6 34. exd5 cxd5 35. Bxd5 Bxd5 36. Rcxd5 Qxd5 37. Rxd5 Ra1 38. Qf1 Rxf1+ 39. Kxf1 Ra1+ 40. Ke2 Ra2+ 41. Kf3 Ra3+ 42. Kg4 Ra2 43. Kg3 Ra3+ 44. f3 Rb3 45. Rxb5 Kg7 46. h4 Rb2 47. h5 f5 48. Kh3 Kf6 49. g3 Rb3 50. Kg2 Rb2+ 51. Kf1 Rb3 52. Ke2 Rb2+ 53. Ke3 Rb3+ 54. Kf4 Kg7 55. Rb6 Kh7 56. b5 Kg7 57. Rb8 Kh7 58. b6 Kg7 59. Kxf5 Rxf3+ 60. Kg4 Rb3 61. Kf4 Rb5 62. g4 Rb4+ 63. Kf5 Rb5+ 64. Ke4 Rb4+ 65. Kd5 Rxg4 66. Rc8 Rg5+ 67. Kc6 Rxh5 68. b7 Rh1 69. b8=Q Rc1+ 70. Kd5 Rd1+ 71. Ke4 Re1+ 72. Kf3 Re6 73. Rg8+ Kf6 74. Qf4+ Ke7 75. Qc7+ Kf6 76. Rg4 Re7 77. Rf4+ Ke6 78. Re4+ Kf5 79. Qxe7 h5 80. Rf4+ Kg6 81. Qf6+ Kh7 82. Qxf7+ Kh6 83. Rf6+ Kg5 84. Qg6+ Kh4 85. Rf4+ Kh3 86. Qg2# 1-0


[Site "https://www.chess.com"]

[Event "Titled Tuesday Blitz May 2 Late 2023"]
[White "Djabri,Massinas"]
[Black "Kovalevsky, Stanislav"]
[WhiteFideId "7905726"]
[BlackFideId "13508598"]
[WhiteElo "2194"]
[BlackElo "2174"]
[Result "0-1"]
[Round "02"]
[TimeControl "180+2"]
[Date "2023.05.02"]
[WhiteClock "0:00:01"]
[BlackClock "0:00:42"]

1. d4 e6 2. c4 d5 3. Nc3 Nf6 4. Bg5 Be7 5. e3 Ne4 6. Bxe7 Qxe7 7. Rc1 c6 8. Bd3 f5 9. Nf3 O-O 10. O-O Bd7 11. Ne5 Be8 12. Ne2 Nd7 13. f3 Nxe5 14. dxe5 Nc5 15. Bb1 dxc4 16. Rxc4 Rd8 17. Rd4 Bf7 18. Rd6 Rxd6 19. exd6 Qf6 20. Qc2 Qe5 21. b4 Qxe3+ 22. Kh1 Nd7 23. Rd1 Rd8 24. a4 g6 25. Ba2 Nf6 26. b5 c5 27. Nc3 Qe5 28. Qd3 Ne8 29. d7 Nf6 30. Ne2 Rxd7 0-1


[Site "https://www.chess.com"]

[Event "Titled Tuesday Blitz May 2 Late 2023"]
[White "Phillips, Rene"]
[Black "Pourkashiyan, Atousa"]
[WhiteFideId "2056275"]
[BlackFideId "12502014"]
[WhiteElo "1852"]
[BlackElo "2228"]
[Result "0-1"]
[Round "02"]
[TimeControl "180+2"]
[Date "2023.05.02"]
[WhiteClock "0:00:01"]
[BlackClock "0:00:12"]

1. Nf3 d5 2. d4 Nf6 3. Bf4 e6 4. e3 Bd6 5. Bg3 c5 6. Nbd2 Nc6 7. c3 O-O 8. Bd3 Bxg3 9. hxg3 h6 10. Ne5 Nxe5 11. dxe5 Nd7 12. Nf3 f5 13. exf6 Qxf6 14. Qa4 e5 15. e4 c4 16. Bc2 Nc5 17. Qb5 b6 18. O-O-O Bd7 19. Qb4 a5 20. Qa3 dxe4 21. Bxe4 Nxe4 22. Rxd7 Nxf2 23. Rd6 Qf5 24. Rf1 Nd3+ 25. Kd1 Rad8 26. Nd2 Nf2+ 27. Kc1 e4 28. Rxd8 Rxd8 29. Nxe4 Qxe4 30. Qa4 Nd3+ 31. Kd2 Nxb2+ 32. Kc1 Nxa4 33. Rd1 Rxd1+ 34. Kxd1 Nxc3+ 35. Kd2 Nd5 0-1


[Site "https://www.chess.com"]

[Event "Titled Tuesday Blitz May 2 Late 2023"]
[White "Ferro, Mario"]
[Black "Bochnicka, Vladimir"]
[WhiteFideId "810290"]
[BlackFideId "14943450"]
[WhiteElo "2217"]
[BlackElo "2094"]
[Result "1-0"]
[Round "02"]
[TimeControl "180+2"]
[Date "2023.05.02"]
[WhiteClock "0:01:31"]
[BlackClock "0:00:53"]

1. d4 Nf6 2. f4 d5 3. Nf3 e6 4. e3 Bd6 5. Bd3 b6 6. O-O Bb7 7. Nbd2 O-O 8. Qe2 c5 9. c3 Ne4 10. Bxe4 dxe4 11. Ng5 Ba6 12. c4 Be7 13. Ngxe4 cxd4 14. Nf3 d3 15. Qf2 Bxc4 16. Rd1 Nc6 17. b3 Bd5 18. Nc3 Bxf3 19. Qxf3 Rc8 20. Bb2 Bf6 21. e4 Bxc3 22. Bxc3 Nd4 23. Qxd3 Rxc3 24. Qxd4 Qc7 25. e5 h6 26. h3 Rc8 27. Rd2 Rc2 28. Rad1 Rxd2 29. Rxd2 Qc1+ 30. Kh2 Rc2 31. Qd8+ 1-0


[Site "https://www.chess.com"]

[Event "Titled Tuesday Blitz May 2 Late 2023"]
[White "Tsotsonava, Elene"]
[Black "Przybylski, Wojciech"]
[WhiteFideId "13615939"]
[BlackFideId "1117599"]
[WhiteElo "1829"]
[BlackElo "2222"]
[Result "1-0"]
[Round "02"]
[TimeControl "180+2"]
[Date "2023.05.02"]
[WhiteClock "0:00:36"]
[BlackClock "0:00:03"]

1. d4 Nf6 2. Nf3 e6 3. c4 b6 4. a3 Ba6 5. Qc2 Bb7 6. Nc3 d5 7. cxd5 exd5 8. Bg5 Bd6 9. e3 O-O 10. Bd3 h6 11. Bh4 a6 12. O-O Nbd7 13. b4 Re8 14. Rac1 Rc8 15. Bf5 c5 16. Bxf6 Nxf6 17. Bxc8 Qxc8 18. bxc5 bxc5 19. dxc5 Qxc5 20. a4 Rc8 21. Qb2 Qa7 22. Nd4 Be5 23. Nce2 Re8 24. a5 Ba8 25. Qb6 Qd7 26. Qxa6 Ne4 27. Qb5 Qe7 28. Nf5 Qf8 29. Neg3 Nc3 30. Qd3 Qb4 31. a6 Ne4 32. Nxe4 dxe4 33. Qd7 Rf8 34. Rc8 g6 35. Nxh6+ Kg7 36. Rxf8 Qxf8 37. Ng4 Bd6 38. Rd1 Bc5 39. Qd8 f5 40. Qxf8+ Kxf8 41. Rd8+ Ke7 42. Rxa8 fxg4 43. a7 Kf7 44. Rf8+ Kxf8 45. a8=Q+ Kf7 46. Qd5+ 1-0


[Site "https://www.chess.com"]

[Event "Titled Tuesday Blitz May 2 Late 2023"]
[White "Broca Jimenez, Fernando"]
[Black "Principe, Alexander"]
[WhiteFideId "5104742"]
[BlackFideId "3804542"]
[WhiteElo "2062"]
[BlackElo "2203"]
[Result "0-1"]
[Round "02"]
[TimeControl "180+2"]
[Date "2023.05.02"]
[WhiteClock "0:00:18"]
[BlackClock "0:00:22"]

1. e4 c5 2. c3 e6 3. d4 d5 4. dxc5 Bxc5 5. exd5 Qxd5 6. Qxd5 exd5 7. Nf3 Ne7 8. Bd3 Nbc6 9. Bf4 Bg4 10. Ne5 Nxe5 11. Bxe5 f6 12. Bf4 Ng6 13. Bg3 Ne5 14. Bb5+ Kf7 15. O-O a6 16. Ba4 b5 17. Bc2 Rhe8 18. Nd2 Nc4 19. Nb3 Bb6 20. Rab1 Rac8 21. h3 Be2 22. Rfe1 a5 23. Nd4 Bxd4 24. cxd4 g6 25. Bb3 Nb6 26. a3 Bc4 27. Bc2 Ba2 28. Rxe8 Rxe8 29. Rc1 a4 30. Bf4 Bc4 31. Be3 f5 32. g3 Nd7 33. Bd1 Nf6 34. Bf3 h5 35. h4 Re6 36. Bg2 Ne4 37. Bxe4 dxe4 38. Kg2 Rd6 39. Rc3 Ke6 40. f3 Kd5 41. Kf2 exf3 42. Kxf3 Re6 43. Kf2 Re4 44. Kf3 Kd6 45. Kf2 Kd5 46. Kf3 Re8 47. Kf2 Re6 48. Rc1 Rc6 49. Rd1 Rb6 50. Rc1 b4 51. Rc3 bxc3 52. bxc3 Rb3 53. Kf3 Rxc3 54. Kf4 Rxe3 55. Kxe3 Bb5 56. Kf4 Kxd4 57. Kg5 Be8 58. Kf6 Ke4 59. Ke7 Kf3 60. Kxe8 Kxg3 61. Kf7 Kxh4 62. Kxg6 Kg4 63. Kf6 f4 64. Ke5 f3 65. Kd4 f2 66. Kc4 f1=Q+ 67. Kb4 Qf4+ 68. Kb5 Qd4 69. Ka6 Qb2 70. Ka5 h4 71. Ka6 h3 72. Ka5 h2 73. Ka6 h1=Q 74. Ka5 Qa8# 0-1


[Site "https://www.chess.com"]

[Event "Titled Tuesday Blitz May 2 Late 2023"]
[White "Haszon, David"]
[Black "Srdanovic, Jovana"]
[WhiteFideId "733610"]
[BlackFideId "954810"]
[WhiteElo "2210"]
[BlackElo "2145"]
[Result "1-0"]
[Round "02"]
[TimeControl "180+2"]
[Date "2023.05.02"]
[WhiteClock "0:00:10"]
[BlackClock "0:00:12"]

1. d4 d5 2. Bf4 e6 3. e3 Bd6 4. Nd2 Ne7 5. Ngf3 O-O 6. c3 c5 7. Bd3 f6 8. O-O Nbc6 9. Bxd6 Qxd6 10. dxc5 Qxc5 11. c4 e5 12. cxd5 Nxd5 13. Rc1 Qe7 14. Nb3 Be6 15. Nc5 Bf7 16. a3 Rfd8 17. Qc2 g6 18. Rfd1 Rac8 19. Qa4 Nb6 20. Qh4 Rd5 21. b4 Rcd8 22. Be2 Rxd1+ 23. Rxd1 Rxd1+ 24. Bxd1 Qd6 25. Be2 Nd8 26. Qe4 Bd5 27. Qc2 Nd7 28. e4 Bc6 29. Nb3 Ne6 30. Na5 Nd4 31. Nxd4 exd4 32. Bc4+ Kg7 33. Nxc6 bxc6 34. Bd3 Ne5 35. g3 Nxd3 36. Qxd3 Qe5 37. f4 Qd6 38. Kf2 c5 39. b5 Qa6 40. bxa6 1-0


[Site "https://www.chess.com"]

[Event "Titled Tuesday Blitz May 2 Late 2023"]
[White "Torres Dominguez, David"]
[Black "Jimenez Almeida, Luis David"]
[WhiteFideId "2220857"]
[BlackFideId "22242244"]
[WhiteElo "1999"]
[BlackElo "2245"]
[Result "1-0"]
[Round "02"]
[TimeControl "180+2"]
[Date "2023.05.02"]
[WhiteClock "0:00:29"]
[BlackClock "0:00:29"]

1. e4 c6 2. Nf3 g6 3. Nc3 Bg7 4. d4 d6 5. Bf4 Nf6 6. Qd2 O-O 7. O-O-O b5 8. Bd3 b4 9. Ne2 a5 10. Bh6 a4 11. h4 Bxh6 12. Qxh6 Ng4 13. Qd2 Nxf2 14. h5 Nxd1 15. Kxd1 Nd7 16. Qh6 Nf6 17. hxg6 fxg6 18. e5 Rf7 19. exf6 exf6 20. Bxg6 Rg7 21. Bxh7+ Kf8 22. Nf4 Bg4 23. Kd2 b3 24. axb3 axb3 25. c3 Qd7 26. Nh4 Ra2 27. Qxf6+ Ke8 28. Re1+ Re7 29. Qh8+ Kf7 30. Bg6# 1-0


[Site "https://www.chess.com"]

[Event "Titled Tuesday Blitz May 2 Late 2023"]
[White "Seletsky, Grigory"]
[Black "Quirke, Jeffrey"]
[WhiteFideId "14112191"]
[BlackFideId "2013029"]
[WhiteElo "2490"]
[BlackElo "2007"]
[Result "1-0"]
[Round "02"]
[TimeControl "180+2"]
[Date "2023.05.02"]
[WhiteClock "0:01:45"]
[BlackClock "0:00:16"]

1. a3 g6 2. d4 Bg7 3. c4 d6 4. Nc3 c5 5. dxc5 Bxc3+ 6. bxc3 dxc5 7. Qxd8+ Kxd8 8. e4 Nf6 9. f3 Nc6 10. Be3 b6 11. O-O-O+ Ke8 12. Ne2 Ba6 13. Nf4 e6 14. h4 h5 15. Be2 Ne5 16. Rd2 Ke7 17. Nh3 Bxc4 18. Bg5 Bxe2 19. f4 Nd3+ 20. Kc2 e5 21. Rxe2 c4 22. fxe5 Nxe5 23. Rf1 Ng4 24. e5 1-0


[Site "https://www.chess.com"]

[Event "Titled Tuesday Blitz May 2 Late 2023"]
[White "Kalaiyalahan, Akshaya"]
[Black "Foerster-Yialamas, Lucas"]
[WhiteFideId "422894"]
[BlackFideId "30901774"]
[WhiteElo "2043"]
[BlackElo "2067"]
[Result "1/2-1/2"]
[Round "02"]
[TimeControl "180+2"]
[Date "2023.05.02"]
[WhiteClock "0:00:10"]
[BlackClock "0:01:18"]

1. b3 e5 2. Bb2 Nc6 3. e3 a6 4. c4 Nf6 5. Nc3 d5 6. cxd5 Nxd5 7. Nf3 f6 8. Bc4 Be6 9. O-O Qd7 10. d4 exd4 11. Nxd4 Nxd4 12. Qxd4 Nxc3 13. Qxc3 O-O-O 14. Rac1 Bd6 15. Ba3 Be5 16. Bxe6 Qxe6 17. Qc2 Rd7 18. f4 Bd6 19. Bxd6 Qxd6 20. Rfd1 Qe6 21. Rxd7 Qxd7 22. Rd1 Qe6 23. e4 Rd8 24. Rxd8+ Kxd8 25. Qd3+ Qd6 26. Qxd6+ cxd6 27. Kf2 Kd7 28. Ke3 Kc6 29. Kd4 b6 30. h3 g6 31. g3 h5 32. g4 h4 33. g5 fxg5 34. fxg5 a5 35. a4 Kc7 36. Kd5 Kd7 37. e5 dxe5 38. Kxe5 Ke7 39. Kf4 Kd6 40. Kg4 Ke5 41. Kxh4 Kf5 42. Kg3 Kxg5 43. h4+ Kf5 44. Kf3 Ke5 45. Ke3 Kf5 46. Kf3 Kf6 47. Kf4 Kg7 48. Kg5 Kf7 49. Kg4 Kf6 50. Kf4 Kg7 51. Kg5 Kh7 52. Kf4 Kh6 53. Kg4 1/2-1/2


[Site "https://www.chess.com"]

[Event "Titled Tuesday Blitz May 2 Late 2023"]
[White "Winkels, Marcel"]
[Black "Ciolacu, Alessia-Mihaela"]
[WhiteFideId "1003887"]
[BlackFideId "1252640"]
[WhiteElo "1900"]
[BlackElo "1913"]
[Result "0-1"]
[Round "02"]
[TimeControl "180+2"]
[Date "2023.05.02"]
[WhiteClock "0:00:50"]
[BlackClock "0:00:48"]

1. e4 c5 2. c3 Nf6 3. e5 Nd5 4. d4 e6 5. Nf3 Nc6 6. Bc4 Nb6 7. Bb3 cxd4 8. cxd4 d6 9. O-O dxe5 10. dxe5 Qxd1 11. Rxd1 Bc5 12. Nc3 O-O 13. Ne4 Be7 14. Be3 Nd7 15. Bf4 a5 16. Nd6 Rd8 17. Rd2 Nc5 18. Bc2 Nb4 19. Rad1 Nxa2 20. Be3 Na6 21. Bb6 Rf8 22. Bxa5 N6b4 23. Bb6 Nxc2 24. Rxc2 Nb4 25. Rcd2 Nd5 26. Bc5 b6 27. Ba3 Bd7 28. Nd4 Ba4 29. Rc1 Rfd8 30. Nc6 Bxc6 31. Rxc6 f6 32. exf6 Bxd6 33. Rxd6 Rxd6 34. Bxd6 Ra1+ 0-1


[Site "https://www.chess.com"]

[Event "Titled Tuesday Blitz May 2 Late 2023"]
[White "Baltic, Fatih"]
[Black "Sailer, Mike"]
[WhiteFideId "12979090"]
[BlackFideId "2012901"]
[WhiteElo "2200"]
[BlackElo "2109"]
[Result "1-0"]
[Round "02"]
[TimeControl "180+2"]
[Date "2023.05.02"]
[WhiteClock "0:01:50"]
[BlackClock "0:00:05"]

1. d4 d5 2. Nf3 Bf5 3. c4 e6 4. Nc3 Nc6 5. a3 Nf6 6. Bg5 Be7 7. e3 h6 8. Bxf6 Bxf6 9. cxd5 exd5 10. Qb3 O-O 11. Qxd5 Qc8 12. Qc4 Na5 13. Qb4 Nc6 14. Qb3 Re8 15. Be2 Na5 16. Qd1 c5 17. O-O cxd4 18. Nxd4 Bg6 19. Rc1 Qd7 20. Qa4 Nc6 21. Nxc6 bxc6 22. Bf3 Rab8 23. Bxc6 Qe7 24. Nd5 Qe6 25. Nxf6+ gxf6 26. Bxe8 Rxe8 27. Qxa7 Kh7 28. b4 Rg8 29. Kh1 Qg4 30. f3 Qg5 31. Rf2 h5 32. Qc5 Qh6 33. h4 Bd3 34. Qd4 1-0


[Site "https://www.chess.com"]

[Event "Titled Tuesday Blitz May 2 Late 2023"]
[White "Gutkin, Ilya"]
[Black "Chemin, Justo Reinaldo"]
[WhiteFideId "16203470"]
[BlackFideId "2101580"]
[WhiteElo "2265"]
[BlackElo "1940"]
[Result "1-0"]
[Round "02"]
[TimeControl "180+2"]
[Date "2023.05.02"]
[WhiteClock "0:01:31"]
[BlackClock "0:00:05"]

1. e4 e5 2. Nf3 d6 3. d4 exd4 4. Nxd4 Nc6 5. Nc3 Bd7 6. Nf3 Nf6 7. Bc4 Be7 8. O-O O-O 9. h3 Ne5 10. Be2 Ng6 11. Be3 Re8 12. Nd4 Bf8 13. Qd3 a6 14. f4 c5 15. Nf5 Bc6 16. Bf3 b5 17. Rad1 c4 18. Qd4 1-0


[Site "https://www.chess.com"]

[Event "Titled Tuesday Blitz May 2 Late 2023"]
[White "Oliveira, Tiago Batista"]
[Black "Rafiee, Makan"]
[WhiteFideId "2108291"]
[BlackFideId "24609340"]
[WhiteElo "1962"]
[BlackElo "2327"]
[Result "0-1"]
[Round "02"]
[TimeControl "180+2"]
[Date "2023.05.02"]
[WhiteClock "0:00:01"]
[BlackClock "0:01:36"]

1. d4 Nf6 2. c4 c5 3. d5 e6 4. Nc3 exd5 5. cxd5 d6 6. g3 g6 7. Bg2 Bg7 8. Nf3 O-O 9. O-O a6 10. a4 Re8 11. Nd2 Nbd7 12. Nc4 Ne5 13. Nxe5 Rxe5 14. Bf4 Re8 15. e4 Rb8 16. Re1 b5 17. axb5 axb5 18. Qd3 c4 19. Qd2 Ng4 20. h3 Ne5 21. Bxe5 Bxe5 22. f4 Bg7 23. Kh2 f5 24. Ra7 b4 25. Ne2 fxe4 26. Nd4 Qb6 27. Rxg7+ Kxg7 28. Nc6 e3 29. Qc2 Ba6 30. Nxb8 Qxb8 31. Qe2 Qb6 32. Qg4 Re7 0-1


[Site "https://www.chess.com"]

[Event "Titled Tuesday Blitz May 2 Late 2023"]
[White "Berg, Olaf"]
[Black "Fuentes Godoy, Lilia Ivonne"]
[WhiteFideId "7200420"]
[BlackFideId "5104130"]
[WhiteElo "2269"]
[BlackElo "2096"]
[Result "1-0"]
[Round "02"]
[TimeControl "180+2"]
[Date "2023.05.02"]
[WhiteClock "0:00:44"]
[BlackClock "0:00:08"]

1. e4 c5 2. Nf3 Nc6 3. Bb5 g6 4. Bxc6 bxc6 5. O-O Bg7 6. d3 e6 7. Nc3 Ne7 8. Be3 d6 9. e5 Nd5 10. Ne4 Nxe3 11. fxe3 dxe5 12. Nxc5 Qb6 13. d4 exd4 14. exd4 O-O 15. Kh1 Qxb2 16. Qd2 Qb5 17. Rab1 Qc4 18. c3 a5 19. Ng5 e5 20. Nce4 exd4 21. cxd4 Bf5 22. Nd6 Qxd4 23. Qxd4 Bxd4 24. Nxf5 gxf5 25. Rxf5 Rab8 26. Rbf1 Rb5 27. Nxf7 Rxf5 28. Nh6+ Kg7 29. Nxf5+ Kh8 30. g4 c5 31. Kg2 Bb2 32. Rf4 Rc8 33. Rc4 a4 34. Kf3 a3 35. h4 Rd8 36. Rxc5 Rd3+ 37. Ke4 Rd1 38. Rc8+ 1-0


[Site "https://www.chess.com"]

[Event "Titled Tuesday Blitz May 2 Late 2023"]
[White "Hartikainen, Jarmo"]
[Black "Sai Han Thiha"]
[WhiteFideId "503134"]
[BlackFideId "13012290"]
[WhiteElo "2108"]
[BlackElo "1954"]
[Result "0-1"]
[Round "02"]
[TimeControl "180+2"]
[Date "2023.05.02"]
[WhiteClock "0:00:02"]
[BlackClock "0:00:04"]

1. e4 c6 2. d4 d5 3. Nc3 dxe4 4. Nxe4 Nf6 5. Nxf6+ exf6 6. Bf4 Bd6 7. Qf3 O-O 8. Bd3 Be6 9. Ne2 Bd5 10. Qg3 Bxf4 11. Nxf4 Re8+ 12. Kf1 Qd6 13. h4 Nd7 14. h5 Be4 15. Rh4 f5 16. h6 g6 17. Rd1 Bxd3+ 18. Rxd3 Qb4 19. c3 Qxb2 20. Rd1 Nf6 21. Kg1 Ne4 22. Qf3 Qxc3 23. Qxc3 Nxc3 24. Rd2 Rad8 25. Rh3 Ne4 26. Rd1 Ng5 27. Ra3 a6 28. Rb3 Re7 29. a4 Ne6 30. Nxe6 fxe6 31. Kf1 Kf7 32. Ke2 g5 33. Ke3 Kg6 34. Rdb1 Rdd7 35. f4 Kxh6 36. g3 Kg6 37. Rh1 h5 38. Rb2 a5 39. Rbh2 Rh7 40. Rh3 g4 41. R3h2 b5 42. Rc2 Rd6 43. Rhc1 bxa4 44. Rxc6 Rxc6 45. Rxc6 Re7 46. Rc4 a3 47. Ra4 Rb7 48. Rxa3 Kf6 0-1


[Site "https://www.chess.com"]

[Event "Titled Tuesday Blitz May 2 Late 2023"]
[White "Van Baar, Esper"]
[Black "Golubev, Mikhail"]
[WhiteFideId "1049321"]
[BlackFideId "14100983"]
[WhiteElo "2180"]
[BlackElo "2374"]
[Result "1-0"]
[Round "02"]
[TimeControl "180+2"]
[Date "2023.05.02"]
[WhiteClock "0:00:03"]
[BlackClock "0:00:01"]

1. e4 c5 2. Nf3 d6 3. Bb5+ Bd7 4. Bxd7+ Nxd7 5. c4 g6 6. O-O Bg7 7. Nc3 Rc8 8. d3 Ngf6 9. h3 O-O 10. Be3 Ne5 11. Nxe5 dxe5 12. Qe2 Nd7 13. Rab1 e6 14. a3 b6 15. b4 Qe7 16. g3 f5 17. f3 f4 18. Bf2 fxg3 19. Bxg3 Bh6 20. Kh2 Bf4 21. Rg1 Bxg3+ 22. Rxg3 Rf4 23. b5 Nf6 24. Qe3 Nh5 25. Rg4 Rcf8 26. Rxf4 exf4 27. Qf2 Rd8 28. Rd1 Qf6 29. Ne2 Qb2 30. Kg2 Nf6 31. d4 cxd4 32. Nxf4 Qxf2+ 33. Kxf2 e5 34. Nd5 Nxd5 35. cxd5 Rc8 36. Rd2 g5 37. a4 Kf7 38. a5 bxa5 39. Ra2 Rc7 40. Rxa5 Rc2+ 41. Kg3 h5 42. h4 1-0


[Site "https://www.chess.com"]

[Event "Titled Tuesday Blitz May 2 Late 2023"]
[White "Ricaurte Lopez, Juan Carlos"]
[Black "Liu, Casper"]
[WhiteFideId "3600327"]
[BlackFideId "1454153"]
[WhiteElo "2200"]
[BlackElo "2221"]
[Result "1-0"]
[Round "02"]
[TimeControl "180+2"]
[Date "2023.05.02"]
[WhiteClock "0:00:10"]
[BlackClock "0:00:07"]

1. e4 e5 2. d4 exd4 3. c3 dxc3 4. Nxc3 Nc6 5. Bc4 Ne5 6. Bb3 d6 7. Bf4 Ng6 8. Bg3 Nf6 9. h4 h5 10. e5 Nxe5 11. Bxe5 dxe5 12. Bxf7+ Ke7 13. Qxd8+ Kxd8 14. O-O-O+ Bd6 15. Nf3 Ke7 16. Bg6 c6 17. Ng5 Rh6 18. Bc2 Bc7 19. Rhe1 Ne8 20. f4 Bg4 21. Rd2 Nf6 22. fxe5 Nd7 23. Rf2 Rf8 24. Rxf8 Nxf8 25. Rf1 Bxe5 26. Rf7+ Ke8 27. Rxb7 Bf4+ 28. Kb1 Bxg5 29. hxg5 Re6 30. b4 Re1+ 31. Kb2 Ne6 32. Ne4 Nd4 33. Bd3 Rg1 34. Kc3 Nf5 35. Nc5 Nd6 36. Bg6+ Kd8 37. Rxg7 Rxg2 38. Kd4 Rd2+ 39. Ke5 Nc4+ 40. Kf6 Rf2+ 41. Bf5 Bxf5 42. g6 Bb1+ 43. Kg5 Rf5+ 44. Kh6 a5 45. Rf7 Rxf7 46. gxf7 Ke7 47. Kg7 axb4 48. f8=Q# 1-0


[Site "https://www.chess.com"]

[Event "Titled Tuesday Blitz May 2 Late 2023"]
[White "Colpe, Malte"]
[Black "Dias, Joao Batista"]
[WhiteFideId "24623075"]
[BlackFideId "2108240"]
[WhiteElo "2289"]
[BlackElo "1907"]
[Result "1-0"]
[Round "02"]
[TimeControl "180+2"]
[Date "2023.05.02"]
[WhiteClock "0:01:04"]
[BlackClock "0:01:51"]

1. c4 c5 2. Nf3 Nf6 3. Nc3 Nc6 4. e3 g6 5. d4 b6 6. d5 Nb8 7. e4 d6 8. h3 Nbd7 9. Bd3 a6 10. O-O Ne5 11. Nxe5 dxe5 12. f4 exf4 13. Bxf4 Bg7 14. e5 Nh5 15. Bh2 Bh6 16. Qe2 Ng7 17. g4 Bg5 18. Ne4 Bh4 19. d6 O-O 20. Rad1 Be6 21. Qe3 exd6 22. Nxd6 Qe7 23. Bf4 Rad8 24. g5 Nh5 25. Ne4 Nxf4 26. Qxf4 Bxh3 27. Qxh4 Bxf1 28. Nf6+ Qxf6 29. gxf6 h6 30. Qxh6 1-0


[Site "https://www.chess.com"]